 Dungeon Crawl Stone Soup version 0.20-a0-1109-ge3cd172 (webtiles) character file.

76 graki42 the Shield-Bearer (level 4, 0/35 HPs)
             Began as a Formicid Fighter on May 6, 2017.
             Slain by an adder (4 damage)
             ... on level 3 of the Dungeon.
             The game lasted 00:03:47 (1577 turns).

graki42 the Shield-Bearer (Formicid Fighter)        Turns: 1577, Time: 00:03:48

Health: 0/35       AC:  9    Str: 21    XL:     4   Next: 57%
Magic:  4/4        EV:  6    Int:  8    God:
Gold:   120        SH:  9    Dex: 10    Spells: 3/3 levels left

rFire    . . .     SeeInvis +   a - +0 war axe
rCold    . . .     Gourm    .   c - +0 shield
rNeg     . . .     Faith    .   g - +0 chain mail
rPois    .         Spirit   .   (helmet unavailable)
rElec    .         Reflect  .   (no cloak)
rCorr    .         Harm     .   (no gloves)
MR       .....                  (no boots)
Stlth    ..........             (no amulet)
Regen    0.2/turn               (no ring)
MPRegen  0.1/turn               (no ring)

@: lethally poisoned (0 -> -15), flying
A: permanent stasis, dig shafts and tunnels, four strong arms, antennae 3
a: Dig, Shaft Self


You were on level 3 of the Dungeon.
You were not hungry.

You visited 1 branch of the dungeon, and saw 3 of its levels.

You collected 120 gold pieces.

Inventory:

Hand Weapons
 a - a +0 war axe (weapon)
Armour
 c - a +0 shield (worn)
 g - a +0 chain mail (worn)
Wands
 j - a wand of iceblast (4/15)
Scrolls
 k - a scroll of teleportation {unknown}
 n - a scroll of identify {unknown}
 o - a scroll of enchant armour {unknown}
Potions
 d - a potion of might
 e - a potion of degeneration {unknown}
 h - 2 potions of flight
 i - a potion of curing {unknown}
 m - a potion of agility {unknown}
 q - a potion of heal wounds {unknown}
Comestibles
 b - 2 fruits
 f - 3 bread rations
 l - a meat ration
 p - a chunk of flesh


   Skills:
 + Level 3.5 Fighting
 + Level 3.2 Axes
 + Level 3.8 Armour
 + Level 4.3 Shields


You had 3 spell levels left.
You didn't know any spells.

Dungeon Overview and Level Annotations

Branches:
Dungeon (3/15)

Altars:
Makhleb


Innate Abilities, Weirdness & Mutations

You cannot be hasted, slowed, berserked, paralysed or teleported.
You can dig through walls and to a lower floor.
Your four strong arms can wield two-handed weapons with a shield.
You have a pair of large antennae on your head. (SInv)


Message History

* * * LOW HITPOINT WARNING * * *
You are lethally poisoned!
The adder poisons you!
You miss the adder.
The adder is moderately wounded.
* * * LOW HITPOINT WARNING * * *
You feel sick. The adder bites you.
* * * LOW HITPOINT WARNING * * *
You are more poisoned.
The adder poisons you!
You closely miss the adder.
The adder is moderately wounded.
* * * LOW HITPOINT WARNING * * *
You feel sick. The adder closely misses you. You block the adder's attack.
It was a potion of flight.
You feel very buoyant.
You fly up into the air.
* * * LOW HITPOINT WARNING * * *
You feel sick. The adder bites you.
You die...

########## .........# #.
#........# ### ##.
#........# #.. ...
#....[S..# #.# #.
#......@.# #.# #.
########.# #.# #.
##########.## #.###### #.
#...........###.#....####.
#...........'..>..........
#...........##........†...
#...........###...........
#...........# #...........
############# #...........


You could see an adder.

Vanquished Creatures
  3 adders
  2 dart slugs (D:1)
  An orc (D:3)
  5 bats
  9 goblins
  4 jackals
  7 kobolds
  4 frilled lizards
  9 rats
44 creatures vanquished.

Notes
Turn   | Place    | Note
-------+----------+-------------------------------------------
     0 | D:1      | graki42 the Formicid Fighter began the quest for the Orb.
     0 | D:1      | Reached XP level 1. HP: 18/18 MP: 1/1
    75 | D:1      | Reached XP level 2. HP: 21/24 MP: 2/2
   778 | D:1      | You fall through a shaft!
   879 | D:1      | Reached XP level 3. HP: 28/29 MP: 3/3
   982 | D:2      | Found a burning altar of Makhleb.
   982 | D:2      | Noticed a blizzard demon
   985 | D:2      | Noticed a smoke demon
   985 | D:2      | Noticed an orange demon
  1170 | D:2      | Reached skill level 4 in Shields
  1218 | D:2      | Reached XP level 4. HP: 34/35 MP: 4/4
  1577 | D:3      | Slain by an adder

Vault maps used:
D:1:      ncdulo_watergridlock, minmay_misc_feat_alley,
          minmay_misc_feat_more_columns
D:2:      kennysheep_six_static_rooms, makhleb_altar_promises_db
D:3:      first_bread

Skill      XL: |  1  2  3  4 |
---------------+-------------+-----
Shields        | 4 |  4.3
Axes           | 3 |  3.2
Fighting       | |  3.5
Armour         | |  3.8

Action                   |  1- 3 |  4- 6 || total
-------------------------+-------+-------++-------
Melee: War axe           |    91 |    76 ||   167
  Use: Potion            |       |     1 ||     1
  Eat: Chunk             |     1 |     2 ||     3
Armor: Scale mail        |     2 |       ||     2
       Chain mail        |    64 |    45 ||   109
Dodge: Dodged            |    27 |    19 ||    46
Block: Shield            |    62 |    45 ||   107
